 Dungeon Crawl Stone Soup version 0.32-a0-350-g4f4d228785 (webtiles) character file.

Game seed: 10964395869512015051

15873 juan097 the Arsonist (level 12, -6/105 HPs)
             Began as a Mountain Dwarf Fire Elementalist on Feb 17, 2024.
             Was an Elder of Sif Muna.
             Mangled by an ogre mage
             ... wielding a +2 lajatang of flaming
              (11 damage)
             ... in a volcano.
             The game lasted 00:52:55 (15276 turns).

juan097 the Arsonist (MDFE)                        Turns: 15276, Time: 00:52:55

Health: -6/105     AC: 18    Str: 13    XL:     12   Next: 5%
Magic:  21/21      EV: 12    Int: 23    God:    Sif Muna [****..]
Gold:   688        SH:  0    Dex: 10    Spells: 5/23 levels left

rFire   + . .        a - staff of Compassion {rF+ rCorr Int+4 Fire}
rCold   . . .        (no shield)
rNeg    . . .        K - +2 steam dragon scales
rPois   .            A - +2 hat
rElec   .            (no cloak)
rCorr   +            (no gloves)
SInv    .            (no boots)
Will    +....        (no amulet)
Stlth   ++           g - +4 ring of protection
HPRegen 0.37/turn    h - +4 ring of protection
MPRegen 0.17/turn

%: no passive effects
@: no status effects
A: runic magic, artefact enchanting
a: Renounce Religion, Channel Magic, Forget Spell, Divine Exegesis


You were in a volcano.
You worshipped Sif Muna.
Sif Muna was greatly pleased with you.
You visited 3 branches of the dungeon, and saw 13 of its levels.
You also visited: Ossuary and Volcano.

You collected 1009 gold pieces.
You spent 321 gold pieces at shops.

Inventory:

Hand Weapons
 b - a +6 vampiric morningstar
 N - a +1 whip of venom
 O - a +2 dagger of venom
Missiles
 m - 32 poisoned darts
 p - a throwing net
 E - 5 boomerangs
 J - 4 curare-tipped darts
 Q - 7 javelins
Armour
 A - a +2 hat (worn)
 K - +2 steam dragon scales (worn)
Magical Staves
 a - the staff of Compassion (weapon) {rF+ rCorr Int+4 Fire}
   (You acquired it on level 8 of the Dungeon)

   [staff of fire]

   Base accuracy: +5 Base damage: 5 Base attack delay: 1.2 This weapon's minimum
   attack delay (0.6) is reached at skill level 12.
   Int+4:     It affects your intelligence (+4).
   rF+:       It protects you from fire.
   rCorr:     It protects you from acid and corrosion.
   Fire:      It increases the power of your Fire spells.
   It falls into the 'Staves' category.
   It is a one-handed weapon.
 i - a staff of air
Jewellery
 g - a +4 ring of protection (left hand)
 h - a +4 ring of protection (right hand)
 H - a ring of wizardry
Wands
 e - a wand of light (5)
 t - a wand of flame (1)
 F - a wand of iceblast (2)
 L - a wand of charming (6)
 P - a wand of mindburst (13)
Scrolls
 c - 4 scrolls of noise
 l - 3 scrolls of silence
 n - 3 scrolls of blinking
 q - a scroll of enchant armour
 r - 4 scrolls of teleportation
 s - 3 scrolls of revelation {unknown}
 w - a scroll of poison
 x - 4 scrolls of fear
 G - a scroll of brand weapon
 I - a scroll of vulnerability
 M - a scroll of immolation {unknown}
Potions
 d - 4 potions of degeneration {unknown}
 f - 3 potions of mutation
 j - 3 potions of ambrosia {unknown}
 k - 5 potions of curing {unknown}
 o - 2 potions of enlightenment {unknown}
 u - a potion of magic
 z - 5 potions of might
 B - 2 potions of berserk rage {unknown}
 C - a potion of haste {unknown}
 D - 3 potions of brilliance {unknown}
 R - a potion of resistance {unknown}
 S - a potion of invisibility {unknown}


   Skills:
 - Level 9.5 Fighting
 - Level 2.0 Short Blades
 + Level 5.0 Maces & Flails
 - Level 6.0 Armour
 - Level 3.0 Dodging
 - Level 4.0 Stealth
 - Level 6.0 Spellcasting
 - Level 5.0 Conjurations
 - Level 4.0 Hexes
 - Level 3.0 Translocations
 - Level 10.0 Fire Magic
 - Level 10.0 Invocations


You had 5 spell levels left.
You knew the following spells:

 Your Spells              Type           Power      Damage    Failure   Level
a - Foxfire               Conj/Fire      100%       2x1d9     1%          1
b - Scorch                Fire           100%       2d9       1%          2
c - Inner Flame           Hex/Fire       55%        N/A       1%          3
d - Volatile Blastmotes   Fire/Tloc      100%       2d18      1%          3
e - Flame Wave            Conj/Fire      58%        2d14      3%          4
f - Confusing Touch       Hex            25%        N/A       4%          3
g - Mercury Vapours       Alch/Air       12%        N/A       13%         2

Your spell library contained the following spells:

 Spells                   Type           Power      Damage    Failure   Level
 Slow                     Hex            100%       N/A       1%          1
 Sting                    Conj/Alch      72%        1d7       3%          1
 Sigil of Binding         Hex            25%        N/A       4%          3
 Ozocubu's Armour         Ice            6%         N/A       26%         3
 Vampiric Draining        Necr           6%         2d6       26%         3
 Olgreb's Toxic Radiance  Alch           6%         N/A       63%         4
 Metabolic Englaciation   Hex/Ice        8%         N/A       71%         5
 Sculpt Simulacrum        Ice/Alch       3%         N/A       100%        6


Dungeon Overview and Level Annotations

Branches:
Dungeon (11/15)            Temple (1/1) D:4            Lair (0/5) D:11
    Orc (1/2) D:11        Ossuary (visited)         Volcano (1/1)

Altars:
Ashenzari
Cheibriados
Dithmenos
Elyvilon
Fedhas
Gozag
Hepliaklqana
Kikubaaqudgha
Makhleb
Nemelex Xobeh
Okawaru
Qazlal
Ru
Sif Muna
Trog
Uskayaw
Vehumet
Wu Jian
Xom
Yredelemnul
Zin
The Shining One

Shops:
D:8 *   D:11 (

Annotations:
D:9 2 transporters, mdk's ghost, novice DECj


Innate Abilities, Weirdness & Mutations

Your spellcasting is much less encumbered by armour.
You can use scrolls of enchantment on lesser artefacts.


Message History

The two-headed ogre is almost dead.
The flame wave engulfs something.
You finish channelling waves of flame.
The two-headed ogre hits you with a +2 great mace of flaming!
The two-headed ogre burns you.
The two-headed ogre hits you but does no damage.
Casting: Flame Wave (dangerous; 3% risk of failure)
Confirm with . or Enter, or press ? or * to list all spells.
Casting: Flame Wave (dangerous; 3% risk of failure)
Press: ? - help, Dir - look around, f - activate You feel a surge of power!
A wave of flame ripples out!
The flame wave engulfs the two-headed ogre!!
The two-headed ogre is burned terribly!
You kill the two-headed ogre!
Sif Muna accepts your kill. (Press . to intensify the flame waves.)
Your Maces & Flails skill increases to level 5!
You have reached level 12!
You feel stronger.
A wave of flame ripples out!
The flame wave engulfs something!
You hear some strange, mumbled words.
A bolt of magma appears from out of thin air!
The bolt of magma misses you.
A wave of flame ripples out!
The flame wave engulfs something!
You finish channelling waves of flame.
You hear some strange, mumbled words.
A bolt of magma appears from out of thin air!
The bolt of magma hits you!! You partially resist.
* * * LOW HITPOINT WARNING * * *
Casting: Flame Wave (dangerous; 3% risk of failure)
Confirm with . or Enter, or press ? or * to list all spells.
You don't have enough magic to cast this spell.
Okay, then.
Magic courses through your body. Something hits you!
* * * LOW HITPOINT WARNING * * *
Something burns you.
* * * LOW HITPOINT WARNING * * *
Aiming: Bolt of Light
Press: ? - help, Shift-Dir - straight line The bolt of light hits something!
Something hits you!
You die...

#### ###..### #@.....#
#{)....## ##.......###
##..........##
####...§§§......#
###.#...§§§§§.....#
##.....§§S§≈§≈.....#
#.###..§§§§≈≈≈≈§...##
##.###..≈≈§§≈≈≈≈≈....##


You could see a lava snake (wandering).

Vanquished Creatures
  Snorg (D:11)
  3 two-headed ogres
  Urug (D:11)
  2 orc knights
  An unseen horror (D:10)
  Maggie (D:8)
  2 trolls (Orc:1)
  A shadow (D:9)
  27 yaks
  A wyvern (D:8)
  6 fire bats
  2 wargs (Orc:1)
  A steam dragon (D:6)
  3 water moccasins
  10 orc warriors
  2 sky beasts (D:6)
  An ice beast (D:8)
  3 black bears
  2 ogres (Orc:1)
  A phantom (D:6)
  6 centaurs
  2 kobold brigands
  2 elf zombies (Ossuary)
  A gnoll sergeant (D:10)
  3 bullfrogs
  A scorpion (D:5)
  6 wights (D:9)
  6 killer bees (D:7)
  4 howler monkeys
  A bombardier beetle (D:5)
  2 lava snakes (Volcano)
  2 hounds
  3 human zombies (Ossuary)
  2 jellies
  7 orc priests
  2 gnoll boudas (D:7)
  A sleepcap (D:4)
  3 iguanas
  8 orc wizards
  Terence (D:3)
  8 hound zombies (Ossuary)
  2 mummies (Ossuary)
  15 gnolls
  10 adders
  2 white imps
  2 ufetubi (D:5)
  3 adder zombies (Ossuary)
  2 ribbon worms (D:2)
  2 dart slugs
  34 orcs
  5 bats (D:1)
  8 endoplasms
  4 giant cockroaches
  7 gnoll zombies (Ossuary)
  8 goblins
  5 hobgoblins
  A jackal (D:3)
  5 quokkas
  6 ball pythons
  3 frilled lizards
  A goblin zombie (D:6)
  2 jackal zombies (Ossuary)
  20 kobolds
  5 kobold zombies (Ossuary)
  7 orc zombies (Ossuary)
  7 rats
  A rat zombie (D:6)
309 creatures vanquished.

Vanquished Creatures (collateral kills)
  An orc (Orc:1)
1 creature vanquished.

Vanquished Creatures (others)
  Psyche (D:8)
  A fire bat (Orc:1)
  648 foxfires
650 creatures vanquished.

Grand Total: 960 creatures vanquished

Notes
Turn   | Place    | Note
-------+----------+-------------------------------------------
     0 | D:1      | juan097 the Mountain Dwarf Fire Elementalist began the
                  | quest for the Orb.
     0 | D:1      | Reached XP level 1. HP: 14/14 MP: 3/3
    35 | D:1      | Reached skill level 1 in Conjurations
    78 | D:1      | Reached XP level 2. HP: 20/20 MP: 0/4
   399 | D:1      | Reached XP level 3. HP: 26/26 MP: 4/6
   564 | D:1      | Learned a level 2 spell: Scorch
   687 | D:1      | Learned a level 3 spell: Inner Flame
   992 | D:2      | Reached XP level 4. HP: 33/33 MP: 4/7
  1221 | D:2      | Found a faded altar of an unknown god.
  1249 | D:2      | Found a hide-covered altar of Uskayaw.
  2093 | D:3      | Noticed Terence
  2107 | D:3      | Killed Terence
  2108 | D:3      | Reached XP level 5. HP: 38/38 MP: 2/9
  2295 | D:3      | Found an ancient bone altar of Kikubaaqudgha.
  2442 | D:4      | Found a radiant altar of Vehumet.
  2508 | D:4      | Noticed a black bear
  2524 | D:4      | Killed a black bear
  2525 | D:4      | Reached skill level 5 in Fire Magic
  2648 | D:4      | Reached XP level 6. HP: 27/45 MP: 5/10
  3103 | D:4      | Found a staircase to the Ecumenical Temple.
  3116 | Temple   | Entered the Ecumenical Temple
  3319 | Temple   | Became a worshipper of Sif Muna the Loreminder
  3497 | D:5      | Entered Level 5 of the Dungeon
  3691 | D:5      | Noticed a water moccasin
  3694 | D:5      | Killed a water moccasin
  3699 | D:5      | Learned a level 3 spell: Volatile Blastmotes
  3799 | D:5      | Reached XP level 7. HP: 50/50 MP: 3/11
  4020 | D:5      | Reached skill level 1 in Armour
  4020 | D:5      | Reached skill level 1 in Hexes
  4336 | D:5      | Reached skill level 1 in Translocations
  4645 | D:6      | Identified a scroll of acquirement
  4648 | D:6      | Noticed a steam dragon
  4658 | D:6      | Killed a steam dragon
  4858 | D:6      | Reached XP level 8. HP: 57/57 MP: 4/13
  4866 | D:6      | Found a sand-covered staircase.
  4873 | Ossuary  | Entered an ossuary
  5117 | Ossuary  | Reached * piety under Sif Muna
  6126 | D:6      | Reached skill level 1 in Invocations
  7212 | D:7      | Reached XP level 9. HP: 60/62 MP: 12/15
  7219 | D:7      | Reached ** piety under Sif Muna
  7285 | D:6      | Reached skill level 5 in Invocations
  7285 | D:6      | Reached skill level 1 in Fighting
  7407 | D:7      | Reached skill level 1 in Short Blades
  8354 | D:7      | Reached skill level 5 in Fighting
  8359 | D:7      | Learned a level 4 spell: Flame Wave
  8363 | D:7      | Learned a level 3 spell: Confusing Touch
  9223 | D:8      | Acquired the staff of Compassion {rF+ rCorr Int+4 Fire}
  9648 | D:8      | Noticed Maggie
  9654 | D:8      | Killed Maggie
  9664 | D:8      | Noticed Psyche
  9673 | D:8      | Killed Psyche
  9776 | D:8      | Reached XP level 10. HP: 81/81 MP: 12/16
  9857 | D:8      | Reached *** piety under Sif Muna
  9889 | D:8      | Found Jenun's General Store.
  9895 | D:8      | Bought a potion of might for 44 gold pieces
  9895 | D:8      | Bought a wand of light (6) for 277 gold pieces
 10481 | D:9      | Reached skill level 5 in Armour
 10637 | D:9      | Noticed a tengu warrior
 10639 | D:9      | Found a bloodstained altar of Trog.
 10639 | D:9      | Noticed a moth of wrath
 10639 | D:9      | Noticed mdk's ghost (novice DECj)
 10641 | D:9      | Found a transporter.
 10658 | D:9      | Found a transporter.
 10759 | D:9      | Reached skill level 5 in Spellcasting
 11546 | D:10     | Entered Level 10 of the Dungeon
 12167 | D:10     | Reached skill level 5 in Conjurations
 12171 | D:10     | Reached XP level 11. HP: 72/92 MP: 0/18
 13138 | D:11     | Reached **** piety under Sif Muna
 13140 | D:11     | Reached skill level 10 in Fire Magic
 13151 | D:11     | Noticed Urug
 13264 | D:11     | Noticed a two-headed ogre
 13272 | D:11     | Noticed an orc knight
 13277 | D:10     | Killed a two-headed ogre
 13495 | D:11     | Killed Urug
 13913 | D:11     | Killed an orc knight
 14003 | D:11     | Found a staircase to the Orcish Mines.
 14003 | D:11     | Found Qozoxzae's Weapon Shop.
 14057 | D:11     | Found a staircase to the Lair.
 14093 | D:11     | Noticed Snorg
 14100 | D:11     | Killed Snorg
 14440 | Orc:1    | Entered Level 1 of the Orcish Mines
 14657 | Orc:1    | Noticed an orc knight
 14676 | Orc:1    | Killed an orc knight
 14815 | Orc:1    | Reached skill level 10 in Invocations
 14816 | Orc:1    | Found a dark tunnel.
 14828 | Orc:1    | Learned a level 2 spell: Mercury Vapours
 14831 | Volcano  | Entered a volcano
 14880 | Volcano  | Reached skill level 1 in Maces & Flails
 15007 | Volcano  | Noticed a two-headed ogre
 15014 | Volcano  | Killed a two-headed ogre
 15043 | Volcano  | Noticed an ogre mage
 15077 | Volcano  | Found a radiant altar of Vehumet.
 15077 | Volcano  | Noticed a two-headed ogre
 15077 | Volcano  | HP: 4/97 [two-headed ogre/+2 great mace of flaming (1)]
 15078 | Volcano  | Noticed a hell knight
 15272 | Volcano  | Killed a two-headed ogre
 15273 | Volcano  | Reached skill level 5 in Maces & Flails
 15273 | Volcano  | Reached XP level 12. HP: 47/105 MP: 3/21
 15275 | Volcano  | HP: 5/105 [something (1)]
 15276 | Volcano  | Mangled by an ogre mage

Illustrated notes

Levels and vault maps discovered:
D:1:      psy_arrival_statuary, layout_rooms, minmay_misc_feat_cross,
          minmay_split_cup_large
D:2:      layout_rooms, dreamdust_ecumenical_altar_hidden_monk_grotto,
          basic_altar, ebering_dispersal_statue_hall
D:3:      layout_rooms, marbit_many_paths, minmay_misc_feat_more_columns,
          uniq_terence
D:4:      layout_basic, fiery_altar_vehumet, minmay_temple_entry_offerings,
          minmay_splitting_lines, minmay_pentomino_pile
D:5:      layout_loops_cross, grunt_decor_mini_mirrors
D:6:      layout_cave_pods, enter_ossuary_4, chequers_serial_rivers_micro_a,
          minivault_19
D:7:      layout_layer_cave
D:8:      layout_basic, serial_shops, nicolae_shop_peninsula, minmay_holes,
          chequers_serial_rivers_room_b, uniq_maggie, uniq_psyche
D:9:      layout_irregular_city, gammafunk_ghost_wrathful_warriors
D:10:     layout_layer_cave
D:11:     layout_rooms, lair_entry_dummy, orc_david_3, chequers_arboretum,
          uniq_urug, uniq_snorg
Temple:   mainiacjoe_temple_cubbyholes
Orc:1:    layout_diamond_mine, nicolae_volcano_entry_batcave
Volcano:  volcano_grotto [vgs_original]

Skill      XL: |  1  2  3  4  5  6  7  8  9 10 11 |
---------------+----------------------------------+-----
Conjurations   | 1 2 3 5 |  5.0
Spellcasting   | 2 3 4 5 6 |  6.0
Fire Magic     | 4 5 6 8 9 10 | 10.0
Stealth        | 2 3 4 |  4.0
Armour         | 2 4 5 6 |  6.0
Hexes          | 2 3 4 |  4.0
Translocations | 1 3 |  3.0
Invocations    | 4 5 7 10 | 10.0
Fighting       | 5 7 9 |  9.5
Short Blades   | 2 |  2.0
Dodging        | 2 3 |  3.0
Maces & Flails | 5 |  5.0

Action                     |  1- 3 |  4- 6 |  7- 9 | 10-12 || total
---------------------------+-------+-------+-------+-------++-------
  Melee: Unarmed           |     2 |       |       |       ||     2
         Dagger            |     7 |    15 |   111 |       ||   133
         Staff             |       |       |     1 |     9 ||    10
         Morningstar       |       |       |       |    42 ||    42
  Throw: Dart              |       |       |     1 |     9 ||    10
   Cast: Foxfire           |    41 |    65 |   192 |    76 ||   374
         Scorch            |     1 |    23 |    99 |    59 ||   182
         Volatile Blastmot |       |       |     4 |    10 ||    14
         Inner Flame       |       |       |     1 |    15 ||    16
         Flame Wave        |       |       |       |    21 ||    21
         Mercury Vapours   |       |       |       |     6 ||     6
         Confusing Touch   |       |       |       |     2 ||     2
 Invoke: Channel Magic     |       |       |       |     2 ||     2
  Evoke: Wand              |       |       |       |     9 ||     9
    Use: Scroll            |       |       |    13 |    10 ||    23
         Potion            |       |       |       |     2 ||     2
 Armour: Robe              |     9 |     1 |       |       ||    10
         Leather armour    |       |    11 |       |       ||    11
         Ring mail         |       |     7 |    12 |       ||    19
         Steam dragon scal |       |       |   188 |   230 ||   418
  Dodge: Dodged            |    12 |     9 |   135 |   124 ||   280

Table legend: (Time is in decaauts)
 A = Elapsed time spent in this place.
 B = Non-inter-level travel time spent in this place.
 C = Inter-level travel time spent in this place.
 D = Time resting spent in this place.
 E = Time spent auto-exploring this place.
 F = Levels seen in this place.
 G = Mean time per level.
                   A        B        C        D        E       F      G
               +--------+--------+--------+--------+--------+-----+--------+
         Total |  15290 |  14624 |    666 |    604 |  11089 |  15 | 1019.3 |
       Dungeon |  13237 |  12632 |    605 |    320 |  10066 |  11 | 1203.4 |
        Temple |     65 |      4 |     61 |      0 |      0 |   1 |   65.0 |
  Orcish Mines |    393 |    393 |      0 |     75 |    155 |   1 |  393.0 |
       Ossuary |   1140 |   1140 |      0 |      3 |    757 |   1 | 1140.0 |
       Volcano |    452 |    452 |      0 |    206 |    111 |   1 |  452.0 |
               +--------+--------+--------+--------+--------+-----+--------+

Top non-repeatable levels by time:
    D:10: 2045 daAuts
     D:7: 1894 daAuts
     D:6: 1460 daAuts
     D:9: 1226 daAuts
     D:5: 1223 daAuts
 Ossuary: 1140 daAuts
     D:8: 1101 daAuts
     D:4: 1005 daAuts
     D:1: 862 daAuts
    D:11: 853 daAuts
     D:3: 842 daAuts
     D:2: 720 daAuts
 Volcano: 452 daAuts
   Orc:1: 393 daAuts
  Temple: 65 daAuts
